 Dungeon Crawl Stone Soup version 0.25.1-8-g42b30a86e7 (webtiles) character file.

Game seed: 7363271959074263403

165 hawla the Magician (level 5, -1/38 HPs)
             Began as a Draconian Conjurer on Dec 14, 2020.
             Slain by a river rat (5 damage)
             ... in a sewer.
             The game lasted 00:05:50 (2947 turns).

hawla the Magician (Draconian Conjurer)             Turns: 2947, Time: 00:05:51

Health: -1/38      AC:  5    Str: 10    XL:     5   Next: 21%
Magic:  11/12      EV: 12    Int: 17    God:
Gold:   199        SH:  0    Dex: 11    Spells: 11/14 levels left

rFire    . . .     SeeInvis .   j - +0 quarterstaff
rCold    . . .     Gourm    .   (shield currently unavailable)
rNeg     . . .     Faith    .   (armour unavailable)
rPois    .         Spirit   .   (helmet restricted)
rElec    .         Reflect  .   (no cloak)
rCorr    .         Harm     .   (no gloves)
MR       .....                  (no boots)
Stlth    ++........             i - amulet of magic regeneration
HPRegen  0.12/turn              (no ring)
MPRegen  0.38/turn              (no ring)

@: stab
A: unfitting armour, cold-blooded, AC +5
a: no special abilities


You were in a sewer.
You were not hungry.

You visited 1 branch of the dungeon, and saw 3 of its levels.
You also visited: Sewer.

You collected 199 gold pieces.

Inventory:

Hand Weapons
 j - a +0 quarterstaff (weapon)
Missiles
 a - 7 curare-tipped darts
 c - 7 silver boomerangs
 d - 6 boomerangs of dispersal (quivered)
Jewellery
 i - an amulet of magic regeneration (around neck)
Scrolls
 f - a scroll of remove curse
Potions
 e - a potion of cancellation
 g - 2 potions of stabbing
 l - a potion of might {unknown}
Comestibles
 b - 7 rations
 k - 3 chunks of flesh


   Skills:
 - Level 1.7 Dodging
 - Level 1.7 Stealth
 + Level 5.1 Spellcasting
 - Level 4.0 Conjurations


You had 11 spell levels left.
You knew the following spells:

 Your Spells              Type           Power        Failure   Level  Hunger
a - Magic Dart            Conj           ###.         2%          1    None
b - Searing Ray           Conj           ###...       4%          2    #......

Your spell library contained the following spells:

 Spells                   Type           Power        Failure   Level  Hunger
 Dazzling Flash           Conj/Hex       ##....       19%         3    ###....
 Fulminant Prism          Conj/Hex       ##........   52%         4    ####...
 Iskenderun's Mystic Bla  Conj/Tloc      ##......     52%         4    ####...


Dungeon Overview and Level Annotations

Branches:
Dungeon (3/15)              Sewer (1/1)

Altars:


Innate Abilities, Weirdness & Mutations

Your plain brown scales are hard. (AC +5)
You cannot fit into any form of body armour.
You are cold-blooded and may be slowed by cold attacks.


Message History

The searing ray hits the rat.
You kill the rat!
The river rat bites you. The rat bites you but does no damage.
The rat bites you. The frilled lizard bites you. The river rat bites you!
* * * LOW HITPOINT WARNING * * *
It was a potion of cancellation.
You feel magically purged. The river rat bites you.
* * * LOW HITPOINT WARNING * * *
The rat closely misses you. The rat bites you.
* * * LOW HITPOINT WARNING * * *
The frilled lizard bites you.
* * * LOW HITPOINT WARNING * * *
The rat bites you but does no damage. The river rat barely misses you.
The rat bites you but does no damage.
It was a potion of stabbing.
You feel ready to backstab. The river rat barely misses you.
The rat barely misses you. The rat closely misses you.
The frilled lizard barely misses you. The rat completely misses you.
The river rat bites you.
You die...

≈≈≈≈≈.≈.....≈≈.≈≈≈≈≈≈≈
≈≈≈≈≈≈≈≈.≈.≈≈≈.≈≈≈≈≈≈≈≈≈
≈≈≈≈≈≈≈≈≈≈≈≈≈≈≈≈≈≈≈≈≈≈≈≈
≈≈≈≈≈≈≈≈≈≈≈≈≈≈≈≈≈≈≈≈≈≈≈≈
≈≈≈≈≈≈...≈.≈≈.≈..≈≈≈≈≈≈≈
..≈........†...≈≈≈.≈≈≈≈
.............##....≈≈#
#lrr.....## #......
#@r.....# .....
#rrr.............
...rrr.####.....###
#r....### ##..### ######
###


You could see 3 river rats, a frilled lizard and 7 rats.

Vanquished Creatures
  An orc wizard (D:2)
  5 adders (D:2)
  2 river rats (Sewer)
  A worm (D:2)
  2 dart slugs (D:2)
  3 giant cockroaches
  7 goblins
  10 hobgoblins
  4 jackals (D:1)
  6 ball pythons
  8 bats
  5 frilled lizards
  6 kobolds
  13 rats
73 creatures vanquished.

Notes
Turn   | Place    | Note
-------+----------+-------------------------------------------
     0 | D:1      | hawla the Draconian Conjurer began the quest for the Orb.
     0 | D:1      | Reached XP level 1. HP: 14/14 MP: 3/3
   200 | D:1      | Reached XP level 2. HP: 8/20 MP: 1/5
   204 | D:1      | Learned a level 2 spell: Searing Ray
   815 | D:1      | Reached skill level 3 in Spellcasting
  1258 | D:2      | Reached XP level 3. HP: 15/26 MP: 1/7
  1764 | D:2      | Reached skill level 4 in Spellcasting
  1820 | D:2      | Reached XP level 4. HP: 28/33 MP: 0/10
  2805 | D:3      | Found a glowing drain.
  2816 | Sewer    | Entered a sewer
  2862 | Sewer    | Reached XP level 5. HP: 38/38 MP: 9/12
  2926 | Sewer    | Reached skill level 5 in Spellcasting
  2947 | Sewer    | Slain by a river rat

Illustrated notes

Levels and vault maps discovered:
D:1:      dpeg_arrival_rooms_b, layout_loops_ring, minmay_cupped
D:2:      minmay_angry_zag, layout_loops_ring, first_ration,
          minmay_fractal_squares_5
D:3:      layout_loops_ring, cheibrodos_sewer_entry_drain,
          minmay_pentomino_pile, uniq_jessica
Sewer:    sewer_minmay_treatment

Skill      XL: |  1  2  3  4  5 |
---------------+----------------+-----
Spellcasting   | 3 4 5 |  5.1
Dodging        | |  1.7
Stealth        | |  1.7
Conjurations   | |  4.0

Action                   |  1- 3 |  4- 6 || total
-------------------------+-------+-------++-------
Melee: Unarmed           |    38 |       ||    38
       Tailslap          |     5 |       ||     5
       Quarterstaff      |     3 |     5 ||     8
 Cast: Magic Dart        |    46 |    34 ||    80
       Searing Ray       |     9 |    23 ||    32
  Use: Potion            |     1 |     3 ||     4
       Scroll            |       |     3 ||     3
  Eat: Chunk             |     3 |     4 ||     7
Armor: Skin              |    18 |    15 ||    33
Dodge: Dodged            |    35 |    36 ||    71
